 Dungeon Crawl Stone Soup version 0.30-a0-1103-g25895a7845 (webtiles) character file.

Game seed: 8814615002470568462

631745 ragingrage the Acrobat (level 27, 0/233 HPs)
             Began as a Barachi Monk on Apr 18, 2023.
             Was an Initiate of Gozag.
             Slain by an Ice Fiend (53 damage)
             ... on level 4 of the Depths.
             The game lasted 02:47:20 (101062 turns).

ragingrage the Acrobat (Barachi Monk)             Turns: 101062, Time: 02:47:21

Health: 0/233      AC: 25    Str: 17    XL:     27
Magic:  36/36      EV: 44    Int: 24    God:    Gozag
Gold:   9325       SH: 35    Dex: 30    Spells: 5/45 levels left

rFire   + . .      SeeInvis +    a - +9 demon blade (spect)
rCold   . . .      Faith    .    o - +8 tower shield {AC+3}
rNeg    . . .      Spirit   .    Y - +7 toga "Victory" {*Victory Int+7 Slay+7 Clar}
rPois   +          Reflect  .    G - +1 helmet of Enideij {Drain +Inv Int+4 Dex+4}
rElec   +          Rampage  .    X - scarf {repulsion}
rCorr   +          Clarity  +    Q - +2 pair of gloves
Will    ++...                    j - +2 pair of boots of the Sky {rPois Int+2 Dex+3}
Stlth   +++                      K - amulet of Fragile Peace {Regen+ rCorr Stlth+}
HPRegen 1.38/turn                n - ring "Adojopom" {Fire rElec rPois Str+4 Int-5}
MPRegen 0.25/turn                H - ring of Letuamnu {rC+ EV+5 SInv}

@: studying 2 skills, repel missiles, slow
A: amphibious, slowness 1, strong legs 2, +LOS, iridescent scales 1
0: Orb of Zot
}: 4/15 runes: serpentine, barnacled, silver, abyssal
a: Hop, Renounce Religion, Evoke Invisibility, Potion Petition, Call Merchant,
Bribe Branch


You were on level 4 of the Depths.
You worshipped Gozag.
Gozag was greatly pleased with you.
You visited 11 branches of the dungeon, and saw 49 of its levels.
You visited the Abyss 3 times.
You visited 1 bazaar.
You also visited: Gauntlet and Wizlab.

You collected 32374 gold pieces.
You spent 11304 gold pieces at shops.
You paid 11745 gold pieces to Gozag.

Inventory:

Hand Weapons
 a - a +9 spectral demon blade (weapon)
 b - the +8 rapier of Fimbulwinter {drain, rC+ SInv}
   (You bought it in a shop in a bazaar)

   rC:        It protects you from cold.
   SInv:      It lets you see invisible.
 l - a +0 eudemon blade of holy wrath
Missiles
 w - 6 throwing nets
Armour
 j - the +2 pair of boots of the Sky (worn) {rPois Int+2 Dex+3}
   (You found it in a Gauntlet)

   Int:       It affects your intelligence (+2).
   Dex:       It affects your dexterity (+3).
   rPois:     It protects you from poison.
 o - a +8 tower shield of protection (worn)
 G - the +1 helmet of Enideij (worn) {Drain +Inv Int+4 Dex+4}
   (You found it on level 1 of the Snake Pit)

   Int:       It affects your intelligence (+4).
   Dex:       It affects your dexterity (+4).
   +Inv:      It lets you turn invisible.
   Drain:     It drains your maximum health when unequipped.
 Q - a +2 pair of gloves (worn)
 X - a scarf of repulsion (worn)
 Y - the +7 toga "Victory" (worn) {*Victory Int+7 Slay+7 Clar}
   (You found it on level 2 of the Lair of Beasts)

   *Victory:  When the wearer kills a threatening monster, it has a chance to
   gain +1 AC, +1 Slay, and +1 Int, capping at +7.
   When the wearer uses a scroll or a potion with a hostile monster in sight,
   its bonuses reset to +0.
   Unequipping it also resets its bonuses to +0.
   Int:       It affects your intelligence (+7).
   Slay:      It affects your accuracy & damage with ranged weapons and melee
   (+7).
   Clar:      It protects you against confusion.
Jewellery
 n - the ring "Adojopom" (left hand) {Fire rElec rPois Str+4 Int-5}
   (You took it off a merfolk on level 4 of the Shoals)

   [ring of fire]

   It enhances your fire magic.
   Str:       It affects your strength (+4).
   Int:       It affects your intelligence (-5).
   rF:        It protects you from fire.
   rC:        It makes you vulnerable to cold.
   rElec:     It insulates you from electricity.
   rPois:     It protects you from poison.
 F - the ring of the Coward {rC++ Str-3 Int+5 Dex+6}
   (You acquired it on level 12 of the Dungeon)

   [ring of dexterity]

   Str:       It affects your strength (-3).
   Int:       It affects your intelligence (+5).
   Dex:       It affects your dexterity (+6).
   rC:        It greatly protects you from cold.
 H - the ring of Letuamnu (right hand) {rC+ EV+5 SInv}
   (You bought it in a shop on level 3 of the Elven Halls)

   [ring of evasion]

   EV:        It affects your evasion (+5).
   rC:        It protects you from cold.
   SInv:      It lets you see invisible.
 I - the ring "Uchareoc" {rN+ EV+5}
   (You bought it in a shop in a bazaar)

   [ring of evasion]

   EV:        It affects your evasion (+5).
   rN:        It protects you from negative energy.
 K - the amulet of Fragile Peace (around neck) {Regen+ rCorr Stlth+}
   (You bought it in a shop on level 3 of the Elven Halls)

   [amulet of regeneration]

   Regen:     It increases your rate of health regeneration.
   rCorr:     It protects you from acid and corrosion.
   Stlth:     It makes you more stealthy.
Wands
 g - a wand of iceblast (40)
 k - a wand of charming (50)
 v - a wand of digging (17)
 O - a wand of polymorph (18)
 R - a wand of light (24)
Scrolls
 i - 8 scrolls of immolation
 q - 15 scrolls of vulnerability
 s - 4 scrolls of silence
 u - 5 scrolls of summoning
 x - 2 scrolls of enchant weapon
 y - 10 scrolls of fear
 z - 26 scrolls of teleportation
 A - 27 scrolls of poison
 L - 7 scrolls of magic mapping
 P - 9 scrolls of fog
 S - 2 scrolls of amnesia
 W - 13 scrolls of blinking
Potions
 c - 7 potions of ambrosia
 d - 4 potions of magic
 e - 23 potions of curing
 f - 20 potions of heal wounds
 h - 27 potions of mutation
 p - 5 potions of cancellation
 t - 16 potions of attraction
 B - 7 potions of invisibility
 D - 6 potions of berserk rage
 J - 8 potions of lignification
 M - 6 potions of resistance
 N - 2 potions of haste
 T - 9 potions of brilliance
 U - 5 potions of might
Miscellaneous
 m - a phial of floods
 C - a tin of tremorstones (2/2)
 E - a lightning rod (4/4)
 V - a box of beasts
 Z - a phantom mirror


   Skills:
 + Level 22.6 Fighting
 - Level 11.2(14.0) Short Blades
 - Level 14.5(16.3) Long Blades
 - Level 5.0 Throwing
 - Level 13.2 Armour
 - Level 24.3 Dodging
 - Level 11.0 Stealth
 - Level 23.0 Shields
 - Level 9.7 Spellcasting
 - Level 1.6 Conjurations
 - Level 8.0 Hexes
 - Level 7.0 Summonings
 - Level 13.0 Necromancy
 - Level 14.0 Translocations
 - Level 10.0 Transmutations
 - Level 14.0 Ice Magic
 - Level 5.0 Air Magic
 - Level 3.0 Earth Magic
 - Level 19.0 Evocations


You had 5 spell levels left.
You knew the following spells:

 Your Spells              Type           Power      Damage    Failure   Level
a - Wereblood             Tmut           56%        N/A       1%          2
b - Death Channel         Necr           32%        N/A       6%          6
c - Ozocubu's Armour      Ice            68%        N/A       1%          3
d - Swiftness             Air            35%        N/A       3%          3
e - Manifold Assault      Tloc           68%        N/A       1%          4
f - Ensorcelled Hibernat  Hex/Ice        100%       N/A       1%          2
g - Dispersal             Tloc           34%        N/A       4%          6
h - Irradiate             Conj/Tmut      19%        3d18      22%         5
i - Passwall              Tmut/Erth      35%        N/A       1%          2
j - Blink                 Tloc           100%       N/A       1%          2
k - Yara's Violent Unrav  Hex/Tmut       26%        3d11      5%          5

Your spell library contained the following spells:

 Spells                   Type           Power      Damage    Failure   Level
 Kiss of Death            Conj/Necr      100%       2d13      1%          1
 Necrotise                Necr           100%       1d9       1%          1
 Call Imp                 Summ           90%        N/A       1%          2
 Cigotuvi's Dreadful Rot  Necr/Pois/Air  80%        N/A       1%          2
 Lesser Beckoning         Tloc           100%       N/A       1%          2
 Sublimation of Blood     Necr           65%        N/A       1%          2
 Gell's Gravitas          Tloc           68%        N/A       1%          3
 Teleport Other           Tloc           68%        N/A       1%          3
 Vampiric Draining        Necr           65%        2d10      1%          3
 Vhi's Electric Charge    Tloc/Air       100%       N/A       1%          3
 Volatile Blastmotes      Fire/Tloc      100%       2d18      1%          3
 Anguish                  Hex/Necr       29%        N/A       1%          4
 Dispel Undead            Necr           65%        3d22      1%          4
 Passage of Golubria      Tloc           68%        N/A       1%          4
 Summon Ice Beast         Ice/Summ       58%        N/A       1%          4
 Shock                    Conj/Air       100%       1d9       2%          1
 Metabolic Englaciation   Hex/Ice        29%        N/A       2%          5
 Cause Fear               Hex            25%        N/A       3%          4
 Iskenderun's Mystic Bla  Conj/Tloc      49%        2d11      3%          4
 Blade Hands              Tmut           28%        N/A       3%          5
 Summon Forest            Summ/Tloc      29%        N/A       3%          5
 Magic Dart               Conj           76%        1d6       4%          1
 Inner Flame              Hex/Fire       46%        N/A       4%          3
 Petrify                  Tmut/Erth      42%        N/A       5%          4
 Ignite Poison            Fire/Tmut/Pois 41%        N/A       6%          3
 Leda's Liquefaction      Hex/Erth       19%        N/A       9%          4
 Borgnjor's Vile Clutch   Necr/Erth      25%        N/A       9%          5
 Mephitic Cloud           Conj/Pois/Air  22%        N/A       10%         3
 Stone Arrow              Conj/Erth      44%        3d9       10%         3
 Airstrike                Air            17%        2d(3-19)  11%         4
 Animate Armour           Summ/Erth      70%        N/A       11%         4
 Summon Mana Viper        Hex/Summ       47%        N/A       11%         5
 Scorch                   Fire           34%        2d6       12%         2
 Fulminant Prism          Conj/Hex       17%        3d10      12%         4
 Freezing Cloud           Conj/Ice/Air   22%        6-21      14%         5
 Silence                  Hex/Air        21%        N/A       16%         5
 Flame Wave               Conj/Fire      23%        2d8       52%         4
 Sticky Flame             Conj/Fire      23%        2d4       52%         4
 Arcjolt                  Conj/Air       13%        1d23      52%         5
 Lee's Rapid Deconstruct  Erth           13%        3d9*      54%         5
 Olgreb's Toxic Radiance  Pois           11%        N/A       63%         4
 Iskenderun's Battlesphe  Conj           19%        2d7       75%         5
 Ozocubu's Refrigeration  Ice            34%        4d15      22%         7
 Summon Cactus Giant      Summ           22%        N/A       56%         6
 Statue Form              Tmut/Erth      28%        N/A       65%         6
 Dragon Form              Tmut           28%        N/A       75%         7
 Disjunction              Tloc           34%        N/A       86%         8
 Enfeeble                 Hex            25%        N/A       95%         7
 Borgnjor's Revivificati  Necr           32%        N/A       95%         8
 Conjure Ball Lightning   Conj/Air       13%        3x3d6     97%         6
 Storm Form               Tmut/Air       23%        N/A       97%         7
 Monstrous Menagerie      Summ           22%        N/A       98%         7
 Summon Hydra             Summ           22%        N/A       98%         7
 Iron Shot                Conj/Erth      11%        9d3       99%         6
 Plasma Beam              Fire/Air       17%        2x1d32    99%         6
 Necromutation            Tmut/Necr      30%        N/A       99%         8
 Spellforged Servitor     Conj/Summ      16%        N/A       100%        7
 Discord                  Hex            25%        N/A       100%        8
 Ignition                 Fire           8%         3d5       100%        8
 Lehudib's Crystal Spear  Conj/Erth      11%        10d4      100%        8
 Chain Lightning          Conj/Air       13%        3d18      100%        9
 Death's Door             Necr           32%        N/A       100%        9
 Dragon's Call            Summ           22%        N/A       100%        9
 Fire Storm               Conj/Fire      11%        8d3       100%        9
 Shatter                  Erth           13%        3d13*     100%        9
 Animate Dead             Necr           Unusable   N/A       N/A         4

Dungeon Overview and Level Annotations

Branches:
Dungeon (15/15)            Temple (0/1) D:7            Lair (5/5) D:8
 Shoals (4/4) Lair:3        Snake (4/4) Lair:2        Slime (1/5) Lair:4
    Orc (2/2) D:10            Elf (3/3) Orc:2        Vaults (5/5) D:13
  Crypt (1/3) Vaults:2     Depths (4/4) D:15            Zot (5/5) Depths:4
 WizLab (visited)         Gauntlet (visited)

Altars:
Ashenzari
Cheibriados
Dithmenos
Elyvilon
Fedhas
Gozag
Kikubaaqudgha
Qazlal
Sif Muna
Vehumet
Wu Jian
Yredelemnul
Zin
Lugonu

Shops:
D:8 ?*   D:13 ?   D:15 :   Orc:2 [(*!   Elf:1 *   Elf:3 :==   Shoals:1 ?
Snake:2 *   Snake:4 ?   Vaults:4 :   Depths:2 ((:   Depths:3 !

Portals:
Hell: Depths:1 Depths:2 Depths:3 Depths:4
Abyss: Depths:2 Depths:3
Pandemonium: Depths:2 Depths:4
Ziggurat: Depths:1

Annotations:
D:10 4 transporters
Lair:2 exclusion: upstairs
Elf:2 exclusion: 5 doors
Vaults:3 exclusion: downstairs


Innate Abilities, Weirdness & Mutations

You are amphibious.
You cover ground slowly.
You can hop long distances.
You have an extended range of vision and can be seen from far away.
You are partially covered in iridescent scales. (AC +2)


Message History

The blizzard demon completely misses you.
You slash the blizzard demon!
Your +9 spectral demon blade hits the blizzard demon!!
You kill the blizzard demon!
Your +9 spectral demon blade disappears.
Things that are here:
a +2 robe of positive energy; the ring "Yruemih" {Ice rN++}; a staff of cold
There is a gate leading back out of this place, spattered with blood here.
You go up through the gate.
Welcome back to the Depths!
There is a gate to the Realm of Zot here.
(D) Dungeon (T) Temple (L) Lair (A) Shoals (P) Snake Pit (M) Slime Pits (O) Orcish Mines (E) Elven Halls (V) Vaults (C) Crypt (U) Depths (H) Hell (Z) Zot
Where to? (Enter - D:1 @ (x,y), ? - help)
What level of the Dungeon? (default 15, ? - help)
Things that are here:
a +0 cloak; a +0 whip
There is an open door, spattered with blood here.
You see here a +0 mace.
An Ice Fiend comes into view.
The Ice Fiend roars!
Unknown command.
The Ice Fiend gestures at you. The bolt of cold misses you.
The Ice Fiend gestures at you. The bolt of cold misses you.
You chop the Ice Fiend into pieces!!!
The Ice Fiend calls on the powers of darkness!
Your body is wracked with pain!
You slash the Ice Fiend! You slice the Ice Fiend!!
The Ice Fiend calls on the powers of darkness!
Your body is wracked with pain!
* * * LOW HITPOINT WARNING * * *
You slash the Ice Fiend! The Ice Fiend claws you!
* * * LOW HITPOINT WARNING * * *
The Ice Fiend freezes you!!!
You die...
Your body crumbles into a pile of gold.

.#.# #..##...).##..#..........#
.#Z## #..#..###..#..#..........##
.#Z.###..#.##.##.#..##.........#.
.....##..#.#.∩.#.#..####...#[....
......#..#.#...#.#..# ##...##....
.##...#..#.#...#.#..###..........
#.....#..#.#...#.#..#.......###..
..##..#..#.#...#1#..#......[..##.
..ZZ..#..#.#...#@#).#............
......#..#.#...#.#..#............
...)..#..#.##[##.#..#............
#.....#..#..#'#..#..#)...........
.##...#..##.[.).##..#............
...#..#..(##...##...#.......^....
......#....##.##[...#............
......##....###....##............
.......#...........#.............


You could see an Ice Fiend.

Vanquished Creatures
  3 dread liches
  2 ancient liches (Zot:5)
  2 orbs of fire
  Mennas (Vaults:4)
  2 juggernauts (Depths:2)
  Josephina (Zot:1)
  Parghit (Zot:2)
  A pandemonium lord (Zot:4)
  8 Killer Klowns
  Bai Suzhen (Depths:2)
  3 curse toes
  Vashnia (Snake:3)
  5 golden dragons
  A bone dragon (Depths:3)
  3 electric golems
  Zenata (Vaults:4)
  17 Orb Guardians
  Rupert (D:14)
  15 tentacled monstrosities
  A deep elf blademaster (Elf:3)
  2 liches
  3 titans
  Asterion (Depths:2)
  4 deep elf master archers (Elf:3)
  Polyphemus (Shoals:1)
  4 quicksilver dragons
  Agnes (Elf:1)
  7 death cobs
  5 sphinxes
  The ghost of Josuitwi the Warrior, an adept MfGl of Yredelemnul (Snake:1)
  2 tentacled starspawn (Abyss:3)
  Roxanne (Elf:1)
  11 shadow dragons
  4 tengu reavers
  8 nagarajas
  5 draconian monks
  6 frost giants
  18 storm dragons
  19 fire giants
  4 draconian knights
  Ilsuiw (Shoals:2)
  Louise (Depths:2)
  2 balrugs
  3 ghost moths (Zot:3)
  Aizul (Snake:4)
  7 iron dragons
  5 deep elf sorcerers
  5 draconian scorchers
  17 vault wardens
  3 orc warlords
  6 ghouls (Crypt:1)
  4 draconian stormcallers
  3 draconian shifters
  19 ironbound preservers
  4 ironbound thunderhulks
  4 war gargoyles
  17 stone giants
  46 very ugly things
  5 spriggan defenders (Depths:2)
  3 vampire knights
  12 green draconians
  3 deep elf demonologists
  Azrael (Orc:2)
  7 purple draconians
  4 black draconians
  12 deep elf annihilators
  7 white draconians
  18 dire elephants
  A minotaur (Gauntlet)
  4 spark wasps
  11 yellow draconians
  A green death (Depths:4)
  9 red draconians
  A blizzard demon (Zot:1)
  2 crystal guardians
  5 deep elf death magi
  18 ettins
  5 merfolk javelineers (Shoals:4)
  11 merfolk impalers
  5 jiangshi (Crypt:1)
  5 entropy weavers
  15 fire dragons
  11 yaktaur captains
  3 entropy weavers (shapeshifter) (WizLab)
  10 deep elf high priests
  24 vault guards
  2 rakshasas (Depths:1)
  A hydra (shapeshifter) (WizLab)
  A fenstrider witch zombie (Crypt:1)
  10 great orbs of eyes
  2 spriggan air magi (Depths:3)
  3 hydras
  3 merfolk avatars
  A hell beast (Depths:3)
  2 catoblepae
  6 ice dragons
  8 merfolk aquamancers
  4 peacekeepers
  A salamander tyrant (Snake:4)
  13 anacondas
  23 centaur warriors
  4 boulder beetles
  5 ironbound frosthearts
  An ogre mage (Vaults:5)
  16 naga warriors
  4 satyrs (Shoals:2)
  2 death knights (Crypt:1)
  9 two-headed ogres
  2 alligator snapping turtles (Shoals:4)
  9 death yaks
  7 tengu warriors
  6 deep troll shamans
  2 vampire magi (Crypt:1)
  4 deep troll earth magi
  5 spriggan berserkers (Depths:2)
  11 naga sharpshooters
  A titan zombie (Depths:2)
  15 dancing weapons
  3 soul eaters
  14 hell knights
  16 deep elf knights
  16 shock serpents
  4 sun demons
  3 skysharks
  A titan skeleton (Crypt:1)
  10 iron trolls
  A shadow wraith (Vaults:5)
  4 salamander mystics
  13 skeletal warriors
  10 sea snakes
  2 flayed ghosts
  63 deep trolls
  A spectral anaconda (Lair:5)
  4 glowing orange brains
  A golden dragon zombie (Depths:2)
  21 ironbound convokers
  A sea snake (shapeshifter) (WizLab)
  3 bog bodies (Crypt:1)
  6 wizards
  6 naga ritualists
  A shadow dragon zombie (Crypt:1)
  18 harpies
  9 lindwurms
  25 deep elf pyromancers
  16 necromancers
  8 starcursed masses (Abyss:3)
  19 orc knights
  12 deep elf archers
  6 phantasmal warriors
  14 mana vipers
  21 deep elf zephyrmancers
  A steelbarb worm (shapeshifter) (WizLab)
  An obsidian statue (Lair:5)
  6 fauns (Shoals:2)
  A harpy (shapeshifter) (Depths:2)
  A sphinx skeleton (Depths:2)
  45 ugly things
  2 orc sorcerers
  A cyclops (shapeshifter) (D:14)
  A manticore (shapeshifter) (Vaults:5)
  18 salamanders
  2 tengu skeletons
  A worldbinder (Abyss:3)
  4 cyclopes
  21 manticores
  A fire giant skeleton (Vaults:2)
  26 moths of wrath
  29 elephants
  13 vault sentinels
  3 stone giant skeletons
  A rust devil (Depths:4)
  An elephant (shapeshifter) (Vaults:5)
  3 black mambas (shapeshifter) (WizLab)
  12 naga magi
  2 water nymphs (shapeshifter)
  2 storm dragon simulacra (Zot:1)
  A guardian serpent (shapeshifter) (D:15)
  14 guardian serpents
  15 merfolk sirens
  3 gargoyles
  A dire elephant zombie (Crypt:1)
  5 water nymphs
  2 naga zombies (Crypt:1)
  39 black mambas
  An unseen horror (shapeshifter) (WizLab)
  A naga skeleton (Crypt:1)
  11 cane toads
  A smoke demon (Depths:2)
  A human zombie (Vaults:1)
  2 orange demons
  4 efreet
  A yaktaur (shapeshifter) (WizLab)
  4 freezing wraiths (Crypt:1)
  A bunyip simulacrum (Crypt:1)
  A rime drake (shapeshifter) (WizLab)
  4 tengu conjurers
  A swamp worm zombie (Crypt:1)
  A kobold demonologist (D:11)
  6 rime drakes
  12 komodo dragons
  36 yaktaurs
  An elf skeleton (Vaults:2)
  A harpy zombie (Crypt:1)
  2 meliai (shapeshifter) (WizLab)
  6 trolls
  A yaktaur skeleton (Vaults:2)
  A hellwing (Depths:4)
  10 wind drakes
  A tengu simulacrum (Vaults:1)
  A queen bee (shapeshifter) (WizLab)
  9 blink frogs
  26 merfolk
  9 hornets
  A troll (shapeshifter) (WizLab)
  A raiju (shapeshifter) (WizLab)
  A tarantella (Vaults:3)
  3 polar bears (Lair:5)
  A hornet (shapeshifter) (WizLab)
  A hydra skeleton (Crypt:1)
  13 large abominations
  A raiju (Gauntlet)
  A snapping turtle (shapeshifter) (D:15)
  11 snapping turtles
  A jumping spider zombie (Crypt:1)
  4 centaur simulacra
  4 dream sheep (Shoals:3)
  25 slime creatures
  4 air elementals
  2 culicivoras (shapeshifter) (WizLab)
  A jumping spider (shapeshifter) (Elf:1)
  7 spriggans (Depths:2)
  A vampire (D:11)
  2 ettin skeletons (Vaults:2)
  4 flying skulls (Crypt:1)
  A shadow (D:12)
  2 ynoxinuls (Abyss:3)
  8 wyverns
  Sigmund (D:2)
  29 water elementals
  A dire elephant simulacrum (Lair:5)
  5 wraiths
  37 yaks
  2 fire elementals (Orc:2)
  A wind drake skeleton (Crypt:1)
  Grum (Lair:1)
  A steam dragon (shapeshifter) (WizLab)
  2 basilisks
  2 chaos spawn
  An iron golem (WizLab)
  6 redbacks
  4 neqoxecs (Abyss:3)
  A redback (shapeshifter) (Depths:2)
  A yaktaur simulacrum (Vaults:1)
  3 swamp worms (Gauntlet)
  9 vampire mosquitoes
  A glowing shapeshifter zombie (Depths:2)
  A spectral cane toad (Lair:5)
  A swamp worm (shapeshifter) (Vaults:5)
  12 wargs
  37 nagas
  2 water moccasins (shapeshifter)
  6 floating eyes
  A moth of wrath simulacrum (Zot:1)
  2 acid dragons
  An ogre skeleton (Vaults:2)
  6 water moccasins
  A glowing shapeshifter skeleton (Vaults:2)
  A meliai simulacrum (Gauntlet)
  5 hell hounds
  4 ice beasts
  8 small abominations
  42 orc warriors
  12 ogres
  A deep troll simulacrum (Vaults:1)
  A black bear (shapeshifter) (WizLab)
  A sky beast (D:8)
  A fire dragon simulacrum (Crypt:1)
  A boggart (Vaults:2)
  17 centaurs
  A lindwurm skeleton (Crypt:1)
  19 wolves
  3 kobold brigands
  2 phantoms
  3 elf zombies (Elf:1)
  13 bullfrogs
  7 earth elementals
  2 necrophages (Crypt:1)
  A gnoll sergeant (D:9)
  4 scorpions
  3 human skeletons (Vaults:2)
  4 wights (D:10)
  A hornet simulacrum (Gauntlet)
  A jelly (D:6)
  13 killer bees
  2 spriggan skeletons (Crypt:1)
  4 howler monkeys
  A lava snake (Lair:5)
  A jelly (shapeshifter) (WizLab)
  14 orc priests
  A black bear zombie (Crypt:1)
  A gnoll bouda (D:8)
  2 hounds (D:6)
  A sleepcap (D:5)
  An iron imp (Abyss:3)
  3 iguanas
  2 lightning spires (Gauntlet)
  17 orc wizards
  6 hell rats
  A hound zombie (Crypt:1)
  11 gnolls
  12 adders
  A shadow imp (D:7)
  3 white imps
  An iguana skeleton (Crypt:1)
  A worm (D:2)
  A dart slug (D:3)
  82 orcs
  7 ball pythons
  5 bats
  7 endoplasms
  3 giant cockroaches
  5 goblins
  8 hobgoblins
  16 kobolds
  3 quokkas
  An endoplasm zombie (Crypt:1)
  8 frilled lizards
  9 rats
  2 rat zombies (D:5)
  A spectral weapon (Depths:2)
  2 starspawn tentacles (Abyss:3)
2202 creatures vanquished.

Vanquished Creatures (collateral kills)
  A Killer Klown (Zot:1)
  A golden dragon (Vaults:5)
  A mutant beast (WizLab)
  4 tentacled monstrosities
  2 Orb Guardians (Zot:5)
  2 titans (Vaults:5)
  2 quicksilver dragons (Vaults:5)
  A shadow dragon (Vaults:5)
  A tengu reaver (Vaults:5)
  2 fire giants
  A draconian knight (Zot:4)
  4 frost giants
  An ironbound preserver (Vaults:5)
  An ironbound thunderhulk (Vaults:3)
  4 stone giants
  A purple draconian (Zot:3)
  A yellow draconian (Zot:1)
  A deep elf death mage (Vaults:5)
  A yaktaur captain (Vaults:5)
  7 vault guards (Vaults:5)
  A spriggan air mage (Depths:2)
  A two-headed ogre (Zot:4)
  A deep troll shaman (Depths:4)
  A naga warrior (Snake:4)
  A hell knight (Depths:4)
  Nergalle (Lair:2)
  2 deep trolls (Vaults:5)
  An ironbound convoker (Vaults:5)
  2 moths of wrath
  An efreet (Zot:4)
  2 yaktaurs (Vaults:5)
  2 trolls
  A spriggan (Depths:2)
  A purple draconian simulacrum (Zot:1)
  An ogre (Zot:4)
  An orc priest (Vaults:5)
59 creatures vanquished.

Vanquished Creatures (others)
  An ancient lich (Zot:5)
  A death cob (Zot:3)
  A sphinx (Vaults:5)
  A shadow dragon (Vaults:5)
  A draconian knight (Zot:4)
  A fire dragon (D:13)
  A hell beast (Zot:5)
  A naga warrior (Snake:4)
  A hell knight (Depths:1)
  An iron troll (Depths:2)
  A wizard (D:15)
  A deep elf pyromancer (Elf:1)
  A black mamba (Snake:3)
  A moth of wrath (Zot:4)
  A merfolk (Shoals:2)
  A chaos spawn (Depths:4)
  An orc warrior (Orc:2)
  A centaur (D:15)
  A wight (D:10)
  An orc priest (Orc:2)
  A starcursed mass (Abyss:3)
  A bush (Lair:5)
  41 fungi
  171 plants
  34 spectral weapons
  4 starspawn tentacles (Abyss:3)
  27 withered plants (Lair:5)
299 creatures vanquished.

Grand Total: 2560 creatures vanquished

Notes
Turn   | Place    | Note
-------+----------+-------------------------------------------
     0 | D:1      | ragingrage the Barachi Monk began the quest for the Orb.
     0 | D:1      | Reached XP level 1. HP: 18/18 MP: 1/1
   163 | D:1      | Reached XP level 2. HP: 24/24 MP: 2/2
   831 | D:1      | Reached XP level 3. HP: 24/29 MP: 3/3
   836 | D:1      | Learned a level 2 spell: Ensorcelled Hibernation
  1446 | D:2      | Reached skill level 1 in Short Blades
  1446 | D:2      | Reached skill level 1 in Hexes
  1446 | D:2      | Reached skill level 1 in Ice Magic
  1613 | D:2      | Noticed Sigmund
  1711 | D:3      | Reached XP level 4. HP: 34/36 MP: 4/4
  1787 | D:3      | Found a glowing silver altar of Zin.
  1828 | D:3      | Found a white marble altar of Elyvilon.
  1932 | D:3      | Found an opulent altar of Gozag.
  2087 | D:3      | Became a worshipper of Gozag Ym Sagoz the Greedy
  2117 | D:3      | Found an ornate altar of the Wu Jian Council.
  2949 | D:3      | Reached XP level 5. HP: 37/41 MP: 5/5
  3070 | D:4      | Reached skill level 1 in Armour
  3107 | D:4      | Noticed an ogre
  3134 | D:3      | Reached XP level 6. HP: 18/47 MP: 4/6
  3565 | D:4      | Reached skill level 1 in Stealth
  3595 | D:5      | Entered Level 5 of the Dungeon
  3726 | D:5      | Noticed an ice beast
  3726 | D:5      | Noticed an ice beast
  3728 | D:5      | Noticed a wyvern
  3778 | D:6      | Reached XP level 7. HP: 52/52 MP: 4/7
  4071 | D:6      | Reached XP level 8. HP: 46/59 MP: 1/8
  4078 | D:6      | Reached skill level 5 in Armour
  4152 | D:6      | Reached skill level 5 in Short Blades
  4456 | D:6      | Learned a level 2 spell: Blink
  4459 | D:6      | Learned a level 2 spell: Passwall
  4629 | D:6      | Reached skill level 1 in Spellcasting
  4730 | D:6      | Found an ancient bone altar of Kikubaaqudgha.
  4800 | D:7      | Noticed a wyvern
  4814 | D:7      | Killed a wyvern
  4943 | D:7      | Reached skill level 5 in Ice Magic
  5264 | D:7      | Found a staircase to the Ecumenical Temple.
  5325 | D:7      | Identified the +3 robe of Clean Salvation {-Tele MP+9 Int-5
                  | Dex+5}
  5334 | D:7      | Found a shimmering blue altar of Sif Muna.
  5549 | D:7      | Reached XP level 9. HP: 21/64 MP: 10/10
  5873 | D:8      | Reached skill level 1 in Evocations
  6144 | D:8      | Reached skill level 5 in Long Blades
  6438 | D:8      | Found a staircase to the Lair.
  6489 | D:8      | Found a basalt altar of Yredelemnul.
  6658 | D:8      | Found Boiwour's Magic Scroll Emporium.
  6665 | D:8      | Bought a scroll of magic mapping for 82 gold pieces
  6665 | D:8      | Bought a scroll of fog for 44 gold pieces
  6665 | D:8      | Bought a scroll of poison for 44 gold pieces
  6676 | D:8      | Found Sizxinli's Serpentskin Sales.
  6707 | D:8      | Bought 3 curare-tipped darts for 43 gold pieces
  7481 | D:9      | Noticed a two-headed ogre
  7499 | D:9      | Killed a two-headed ogre
  7500 | D:9      | Reached XP level 10. HP: 39/70 MP: 11/11
  7736 | D:9      | Found a broken altar of Ashenzari.
  7835 | D:8      | Reached skill level 1 in Shields
  8153 | D:9      | Found a shadowy altar of Dithmenos.
  8567 | D:10     | Entered Level 10 of the Dungeon
  8711 | D:10     | Found a transporter.
  8741 | D:10     | Noticed a gargoyle
  8760 | D:10     | Killed a gargoyle
  8779 | D:10     | Found a transporter.
  8849 | D:10     | Found a staircase to the Orcish Mines.
  9279 | Lair:1   | Entered Level 1 of the Lair of Beasts
  9279 | Lair:1   | You fall into a shaft and drop 1 floor!
  9291 | Lair:2   | Reached skill level 10 in Long Blades
  9314 | Lair:2   | Reached skill level 10 in Armour
  9397 | Lair:2   | Noticed a black mamba
  9457 | Lair:2   | Noticed Nergalle
  9473 | Lair:2   | Killed Nergalle
  9474 | Lair:2   | Reached XP level 11. HP: 36/75 MP: 12/12
  9475 | Lair:2   | Found a staircase to the Snake Pit.
  9715 | Lair:3   | Noticed a catoblepas
  9740 | Lair:3   | Killed a catoblepas
  9741 | Lair:3   | Reached skill level 1 in Throwing
  9937 | Lair:3   | Identified the +2 dagger "Fosix" {heavy, Str+3 Int+3 Dex+4}
 10214 | Lair:4   | Found a staircase to the Slime Pits.
 11015 | Lair:4   | Noticed a seven-headed hydra
 11085 | Lair:4   | Reached skill level 5 in Hexes
 11195 | Lair:5   | Entered Level 5 of the Lair of Beasts
 11444 | Lair:4   | Reached XP level 12. HP: 66/81 MP: 16/16
 12109 | Lair:5   | Noticed a four-headed hydra
 12320 | Lair:5   | Killed a four-headed hydra
 12354 | Lair:5   | Noticed a seven-headed hydra
 12494 | Lair:5   | Killed a seven-headed hydra
 12495 | Lair:5   | Reached skill level 4 in Dodging
 13050 | Lair:5   | Reached skill level 5 in Shields
 13069 | Lair:5   | Learned a level 3 spell: Swiftness
 13074 | Lair:5   | Learned a level 4 spell: Manifold Assault
 13195 | Slime:1  | Entered Level 1 of the Pits of Slime
 13312 | Lair:4   | Reached skill level 5 in Fighting
 13313 | Lair:4   | Reached skill level 1 in Translocations
 13401 | Lair:5   | Reached skill level 5 in Throwing
 13761 | Lair:5   | Reached skill level 5 in Dodging
 13995 | Lair:5   | Noticed a dire elephant
 13995 | Lair:5   | Noticed a dire elephant
 13995 | Lair:5   | Noticed a dire elephant
 13995 | Lair:5   | Noticed a dire elephant
 13995 | Lair:5   | Noticed a dire elephant
 14416 | Lair:3   | Gained mutation: You can hop long distances. [Barachi
                  | growth]
 14416 | Lair:3   | Reached XP level 13. HP: 93/93 MP: 12/19
 14963 | Lair:3   | Reached skill level 5 in Evocations
 15039 | Lair:3   | Found a staircase to the Shoals.
 15626 | Lair:2   | Found the +0 toga "Victory" {*Victory Clar}
 15670 | Lair:2   | Reached skill level 5 in Stealth
 16019 | Lair:2   | Reached skill level 6 in Dodging
 16853 | Lair:1   | Noticed Grum
 16994 | Lair:1   | Killed Grum
 17139 | Lair:2   | HP: 3/95 [death yak (21)]
 17339 | Lair:1   | Identified the amulet "Ilofet" {Acrobat rPois Will+}
 18012 | Lair:1   | Reached skill level 5 in Translocations
 18236 | Lair:1   | Reached skill level 7 in Dodging
 19119 | Orc:1    | Entered Level 1 of the Orcish Mines
 20033 | Orc:2    | Entered Level 2 of the Orcish Mines
 20141 | Orc:2    | Found a staircase to the Elven Halls.
 20292 | Orc:2    | Noticed an orc warlord
 20358 | Orc:2    | Reached skill level 8 in Dodging
 20956 | Orc:2    | Reached XP level 14. HP: 92/109 MP: 6/20
 21527 | Orc:2    | Reached skill level 10 in Fighting
 21658 | Orc:2    | Killed an orc warlord
 22968 | Orc:2    | Found Surahara's Assorted Antiques.
 22968 | Orc:2    | Found Wamyenk's Distillery.
 23048 | Orc:2    | Bought a scratched gilded ring for 175 gold pieces
 23059 | Orc:2    | Bought 2 potions of heal wounds for 170 gold pieces
 23059 | Orc:2    | Bought a potion of might for 68 gold pieces
 23059 | Orc:2    | Bought 2 potions of brilliance for 136 gold pieces
 23115 | Orc:2    | Found Otewag's Antique Armour Shoppe.
 23115 | Orc:2    | Found Qutesteo's Weapon Boutique.
 23398 | D:10     | Found a transporter.
 23422 | D:10     | Found a transporter.
 23675 | D:10     | Found a snail-covered altar of Cheibriados.
 24068 | D:11     | Reached skill level 9 in Dodging
 24776 | D:12     | Identified a scroll of acquirement
 24777 | D:12     | Acquired the ring of the Coward {rC++ Str-3 Int+5 Dex+6}
 24831 | D:12     | Reached skill level 1 in Transmutations
 24838 | D:12     | Reached skill level 1 in Earth Magic
 24866 | D:12     | Found a blossoming altar of Fedhas.
 25289 | D:12     | Identified the +5 dagger "Wicsutz" {flame, Dex+3}
 25533 | D:12     | Identified the +1 rapier of Ghostly Integrity {venom, rElec
                  | rPois Int-3}
 25846 | D:13     | Found a gate leading to a gauntlet.
 25857 | Gauntlet | Entered a Gauntlet
 25857 | Gauntlet | Found a transporter.
 25857 | Gauntlet | Found a transporter.
 25857 | Gauntlet | Found a transporter.
 25857 | Gauntlet | Found a transporter.
 25860 | Gauntlet | Found a transporter.
 25862 | Gauntlet | Found a transporter.
 25869 | Gauntlet | Found a transporter.
 25870 | Gauntlet | Found a transporter.
 25871 | Gauntlet | Found a transporter.
 25872 | Gauntlet | Found a transporter.
 25876 | Gauntlet | Noticed a quicksilver ooze
 25882 | Gauntlet | Found a transporter.
 25886 | Gauntlet | Found a transporter.
 26111 | Gauntlet | Identified the +2 pair of boots of the Sky {rPois Int+2
                  | Dex+3}
 26370 | Gauntlet | Identified the staff of air "Xigy" {rElec rPois Int+2
                  | Stlth+}
 26841 | D:13     | Found Demaphing's Magic Scroll Emporium.
 26852 | D:13     | Bought a scroll of fear for 68 gold pieces
 26852 | D:13     | Bought a scroll of blinking for 127 gold pieces
 26947 | D:13     | Found a gate to the Vaults.
 27207 | D:14     | Identified the +0 helmet of the Valley of Death {Str+3
                  | Dex+5}
 27264 | D:14     | Reached XP level 15. HP: 101/118 MP: 6/21
 27271 | D:14     | Reached skill level 10 in Dodging
 27637 | D:14     | Noticed Rupert
 27649 | D:14     | Killed Rupert
 28128 | D:14     | Reached skill level 12 in Dodging
 28128 | D:14     | Reached XP level 16. HP: 125/125 MP: 22/22
 28132 | D:14     | Learned a level 2 spell: Wereblood
 28300 | D:15     | Entered Level 15 of the Dungeon
 28331 | D:15     | Reached skill level 5 in Transmutations
 28536 | D:15     | Found Uphaap's Book Shop.
 29283 | D:15     | Found a staircase to the Depths.
 29556 | Snake:1  | Entered Level 1 of the Snake Pit
 30005 | Snake:1  | Reached skill level 13 in Dodging
 30062 | Snake:1  | Reached skill level 10 in Translocations
 30171 | Snake:1  | Found a runed translucent gate.
 30171 | Snake:1  | Found a runed translucent gate.
 30175 | Snake:1  | Noticed a nagaraja
 30175 | Snake:1  | Noticed Josuitwi's ghost (adept MfGl)
 30389 | Snake:1  | Found a runed translucent gate.
 30567 | Snake:1  | Found a gateway to a bazaar.
 30676 | Bazaar   | Entered a bazaar
 30676 | Bazaar   | Found Dameam's Jewellery Emporium.
 30715 | Bazaar   | Found Roag's Magic Scroll Boutique.
 30719 | Bazaar   | Found Hont's Antique Armour Boutique.
 30745 | Bazaar   | Found Dorph's General Store.
 30751 | Bazaar   | Found Wuseaghi's Antique Weapon Shop.
 30754 | Bazaar   | Bought a wand of iceblast (6) for 129 gold pieces
 30762 | Bazaar   | Bought an ancient rapier for 252 gold pieces
 30762 | Bazaar   | Identified the +8 rapier of Fimbulwinter {drain, rC+ SInv}
                  | (You bought it in a shop in a bazaar)
 30774 | Bazaar   | Bought the ring "Uchareoc" {rN+ EV+5} for 613 gold pieces
 30787 | Bazaar   | Bought a scroll of fear for 48 gold pieces
 30787 | Bazaar   | Bought 2 scrolls of enchant armour for 180 gold pieces
 30787 | Bazaar   | Bought a scroll of enchant armour for 90 gold pieces
 30787 | Bazaar   | Bought a scroll of enchant armour for 90 gold pieces
 30787 | Bazaar   | Bought a scroll of enchant weapon for 90 gold pieces
 30787 | Bazaar   | Bought a scroll of vulnerability for 48 gold pieces
 30793 | Bazaar   | Bought a scroll of immolation for 48 gold pieces
 30801 | Bazaar   | Bought a translucent chain mail for 256 gold pieces
 30801 | Bazaar   | Identified the +2 chain mail of Jowajeti {rC+} (You bought
                  | it in a shop in a bazaar)
 31067 | Snake:1  | Reached skill level 5 in Spellcasting
 31818 | Snake:2  | Reached skill level 14 in Dodging
 32019 | Snake:2  | Reached XP level 17. HP: 115/131 MP: 17/24
 32368 | Snake:2  | Found Fuakugh's Gadget Gallery.
 32538 | Snake:2  | Bought a wand of light (4) for 285 gold pieces
 32538 | Snake:2  | Bought a box of beasts for 680 gold pieces
 32978 | Snake:3  | Reached skill level 10 in Short Blades
 33841 | Snake:3  | Noticed Vashnia
 33986 | Snake:3  | Reached skill level 15 in Dodging
 34731 | Snake:4  | Entered Level 4 of the Snake Pit
 34870 | Snake:4  | Noticed Aizul
 35184 | Snake:4  | Killed Aizul
 36522 | Snake:4  | Reached XP level 18. HP: 143/143 MP: 3/25
 36836 | Snake:4  | Found Lyximn's Magic Scroll Shoppe.
 36930 | Snake:4  | Bought a scroll of acquirement for 624 gold pieces
 36948 | Snake:4  | Acquired 395 gold pieces
 38381 | Snake:4  | Reached skill level 10 in Shields
 38673 | Snake:4  | Got a serpentine rune of Zot
 38817 | Shoals:1 | Entered Level 1 of the Shoals
 39987 | Shoals:1 | Found Orru's Magic Scroll Boutique.
 40029 | Shoals:1 | Bought a scroll of summoning for 152 gold pieces
 41068 | Shoals:2 | Noticed Polyphemus
 41233 | Shoals:1 | Killed Polyphemus
 42460 | Shoals:2 | Noticed Ilsuiw
 43248 | Shoals:2 | Killed Ilsuiw
 43249 | Shoals:2 | Reached skill level 15 in Fighting
 45011 | Shoals:3 | Reached XP level 19. HP: 133/155 MP: 2/26
 46358 | Shoals:4 | Entered Level 4 of the Shoals
 46358 | Shoals:4 | Found a stormy altar of Qazlal.
 47659 | Shoals:4 | Found a stormy altar of Qazlal.
 47937 | Shoals:4 | Reached skill level 10 in Evocations
 47988 | Shoals:4 | Identified the ring "Adojopom" {Fire rElec rPois Str+4
                  | Int-5}
 48200 | Shoals:4 | Identified the +5 trident of Fundamental Breach {flame,
                  | rElec rF+ Str+2}
 48470 | Shoals:4 | Got a barnacled rune of Zot
 48667 | Shoals:4 | Identified the ring "Xatzul" {Fire Dex+2 Stlth+}
 49929 | Elf:1    | Entered Level 1 of the Elven Halls
 49931 | Elf:1    | Noticed Azrael
 50855 | Orc:2    | Killed Azrael
 51813 | Elf:1    | Noticed Agnes
 51826 | Elf:1    | Killed Agnes
 52069 | Elf:1    | Noticed Roxanne
 52102 | Elf:1    | Killed Roxanne
 52362 | Elf:1    | Got the Anthology of Wicked Words
 52390 | Elf:1    | Found Etonol's CLEARANCE SALE!.
 52986 | Elf:2    | Reached XP level 20. HP: 156/164 MP: 5/30
 52997 | Abyss:3  | Cast into level 3 of the Abyss (a deep elf demonologist)
 53035 | Elf:2    | Escaped the Abyss
 53046 | Elf:2    | Reached skill level 16 in Dodging
 53813 | Elf:2    | Found a huge runed translucent gate.
 53813 | Elf:2    | Found a huge runed translucent gate.
 53813 | Elf:2    | Found a huge runed translucent gate.
 53813 | Elf:2    | Found a huge runed translucent gate.
 53814 | Elf:2    | Found a huge runed translucent gate.
 54239 | Elf:3    | Entered Level 3 of the Elven Halls
 54570 | Elf:3    | Reached skill level 17 in Dodging
 56307 | Elf:3    | Found Caezxed's Book Shoppe.
 56307 | Elf:3    | Found Rigoorph's Jewellery Shop.
 56308 | Elf:3    | Found Luoleg's Jewellery Shop.
 56316 | Elf:3    | Bought a manual of Shields for 1520 gold pieces
 56318 | Elf:3    | Bought the amulet of Fragile Peace {Regen+ rCorr Stlth+}
                  | for 726 gold pieces
 56602 | Elf:3    | Identified the +7 long sword "Lofae" {holy, Str+2 SInv}
 56673 | Elf:3    | Reached skill level 15 in Shields
 56822 | Elf:3    | Identified the amulet "Niaxkenn" {RegenMP rC- rCorr Str-2
                  | Stlth+}
 56845 | Elf:3    | Noticed a Brimstone Fiend
 57950 | Elf:3    | Identified the +1 hand axe "Kuhinunt" {venom, rF+ Int+2}
 57964 | Elf:3    | Got the Incunabulum of the Unholy Blaze
 57980 | Elf:3    | Got the Compilation of the Ladybird
 57982 | Elf:3    | Identified the staff of cold "Quocam" {rF+ rC+}
 58618 | Vaults:1 | Entered Level 1 of the Vaults
 58866 | Vaults:1 | Reached skill level 1 in Air Magic
 59468 | Vaults:1 | Reached XP level 21. HP: 157/174 MP: 15/31
 60324 | Vaults:1 | Reached skill level 5 in Air Magic
 61675 | Vaults:1 | Learned a level 5 spell: Summon Forest
 61888 | Vaults:2 | Reached skill level 1 in Summonings
 63017 | Vaults:2 | Found a staircase to the Crypt.
 63030 | Vaults:2 | Reached skill level 5 in Summonings
 64473 | Vaults:3 | Reached XP level 22. HP: 170/181 MP: 29/33
 65757 | Vaults:4 | Noticed Mennas
 66221 | Vaults:4 | Reached skill level 15 in Evocations
 66943 | Vaults:4 | Noticed Zenata
 66960 | Vaults:4 | Killed Zenata
 67235 | Vaults:4 | Identified the +0 robe of the Equinox {*Slow rF+ rCorr
                  | Int+5}
 67250 | Vaults:4 | Found a radiant altar of Vehumet.
 67289 | Vaults:4 | Identified the +0 hat of Mataym {rC- Will- Regen+ Int+8}
 67349 | Vaults:4 | Killed Mennas
 67399 | Vaults:4 | Found Jexis's Book Boutique.
 67409 | Vaults:4 | Bought a manual of Dodging for 1360 gold pieces
 67904 | Abyss:3  | Cast into level 3 of the Abyss (a wizard)
 67905 | Abyss:3  | Found a corrupted altar of Lugonu.
 68006 | Abyss:3  | Got an abyssal rune of Zot
 68077 | Abyss:3  | Found a corrupted altar of Lugonu.
 68243 | Abyss:3  | Noticed a profane servitor
 68284 | Vaults:4 | Escaped the Abyss
 68449 | Vaults:4 | Reached skill level 18 in Dodging
 68854 | Depths:1 | Entered Level 1 of the Depths
 69507 | Depths:1 | Found a one-way gateway to a ziggurat.
 69793 | Depths:1 | Reached XP level 23. HP: 187/188 MP: 11/35
 70328 | Depths:1 | Reached skill level 19 in Dodging
 70420 | Depths:1 | Found a corrupted altar of Lugonu.
 70583 | Depths:1 | Identified the +1 leather armour "Veptomov" {rCorr Dex+3
                  | Slay+3}
 70959 | Depths:1 | Found a gateway to Hell.
 71189 | Depths:2 | Reached skill level 20 in Dodging
 71393 | Depths:2 | Reached skill level 21 in Dodging
 71411 | Depths:2 | Noticed Asterion
 71428 | Depths:2 | Killed Asterion
 71711 | Depths:2 | Found a one-way gate to the infinite horrors of the Abyss.
 71724 | Depths:2 | Paralysed by a vampire knight for 4 turns
 71730 | Depths:2 | Noticed Louise
 71731 | Depths:2 | Noticed Bai Suzhen
 71740 | Depths:2 | Found a magical portal.
 71827 | WizLab   | Entered Cigotuvi's Fleshworks
 72542 | WizLab   | Identified the ring of Nytzabb {Drain Fly Str+3 Dex+3}
 72560 | WizLab   | Paralysed by a floating eye for 4 turns
 73127 | WizLab   | Learned a level 5 spell: Irradiate
 73162 | WizLab   | Reached skill level 1 in Conjurations
 73271 | Depths:2 | You fall into a shaft and drop 1 floor!
 73288 | Depths:3 | Paralysed by a floating eye for 4 turns
 73301 | Depths:3 | Paralysed by a sphinx for 3 turns
 73945 | Elf:3    | Bought a book of Unlife for 684 gold pieces
 73952 | Elf:3    | Learned a level 6 spell: Death Channel
 74239 | Depths:3 | Reached skill level 1 in Necromancy
 74587 | Depths:3 | Paralysed by a sphinx for 3 turns
 74783 | Depths:3 | Noticed a golden dragon
 74842 | Depths:3 | Found Ubegiel's Distillery.
 74938 | Depths:3 | Reached skill level 5 in Necromancy
 75292 | Depths:3 | Reached XP level 24. HP: 191/197 MP: 4/36
 75639 | Depths:3 | Bought a potion of resistance for 110 gold pieces
 75639 | Depths:3 | Bought a potion of heal wounds for 55 gold pieces
 75804 | Depths:4 | Entered Level 4 of the Depths
 75824 | Depths:2 | Found Astew's Book Emporium.
 75829 | Depths:2 | Bought Ozocubu's Autobiography for 576 gold pieces
 75833 | Depths:2 | Learned a level 3 spell: Ozocubu's Armour
 75833 | Depths:2 | Bought a book of Misfortune for 864 gold pieces
 75839 | Depths:2 | Learned a level 5 spell: Yara's Violent Unravelling
 75900 | Depths:2 | Found Garghuod's Antique Weapon Shop.
 75949 | Depths:2 | Found Aticluyhu's Weapon Boutique.
 76048 | Depths:2 | Killed Louise
 76055 | Depths:2 | Killed Bai Suzhen
 76240 | Depths:2 | Reached skill level 10 in Ice Magic
 76521 | Depths:2 | Noticed a juggernaut
 76553 | Depths:2 | Killed a juggernaut
 76820 | Depths:2 | Noticed a juggernaut
 76914 | Depths:2 | Killed a juggernaut
 77191 | Depths:2 | Identified the +4 short sword of Starshine {heavy, rF+
                  | Int+5 Dex-4}
 78021 | Depths:2 | Found a one-way gate leading to the halls of Pandemonium.
 78766 | Snake:1  | Killed Josuitwi's ghost
 78916 | Snake:1  | Identified the +1 helmet of Enideij {Drain +Inv Int+4
                  | Dex+4}
 79051 | Snake:3  | Killed Vashnia
 79368 | D:5      | Identified the +2 robe of Itupu {*Slow rPois rF+ Str+3}
 81246 | D:2      | Killed Sigmund
 82835 | Lair:5   | Reached skill level 10 in Necromancy
 83242 | Lair:5   | Identified the staff of cold "Jummaghe" {rPois rF+ rC+
                  | rCorr}
 83745 | Vaults:5 | Entered Level 5 of the Vaults
 83745 | Vaults:5 | Noticed a dread lich
 83773 | Vaults:5 | Killed a dread lich
 83774 | Vaults:5 | Reached XP level 25. HP: 178/204 MP: 1/36
 83904 | Vaults:5 | Identified the +1 long sword of Vodka {elec, *Rage Dex+2
                  | SInv}
 83952 | Vaults:5 | Identified the +8 great sword of Hysoit {drain, *Rage rPois
                  | rF- Str+9}
 84476 | Abyss:3  | Cast into level 3 of the Abyss (a deep elf sorcerer)
 84492 | Vaults:5 | Escaped the Abyss
 84795 | Vaults:5 | Identified the +1 hand axe of Moderation {elec, rF++}
 84946 | Vaults:5 | Got a silver rune of Zot
 85352 | Vaults:5 | Acquired the amulet "Pogod" {Acrobat Int+7 Slay+6}
 85353 | Vaults:5 | Acquired the +0 kite shield of Xiajeogh {Will+ Dex+3}
 86935 | Depths:4 | Reached skill level 22 in Dodging
 87012 | Depths:4 | Identified the -1 pair of gloves "Nedgha" {rPois rC+ Dex-3}
 87230 | Depths:4 | Learned a level 6 spell: Dispersal
 87391 | Depths:4 | Found a gate to the Realm of Zot.
 87404 | Depths:4 | Reached XP level 26. HP: 185/213 MP: 36/36
 87445 | Zot:1    | Entered Level 1 of the Realm of Zot
 87459 | Zot:1    | Identified the ring "Yruemih" {Ice rN++}
 87459 | Zot:1    | Noticed Josephina
 87480 | Zot:1    | Killed Josephina
 87913 | Zot:1    | Reached skill level 23 in Dodging
 88138 | Zot:1    | Noticed a Killer Klown
 88138 | Zot:1    | Noticed a Killer Klown
 88138 | Zot:1    | Noticed a Killer Klown
 88138 | Zot:1    | Noticed a Killer Klown
 88145 | Zot:1    | Killed a Killer Klown
 88145 | Zot:1    | Killed a Killer Klown
 88147 | Zot:1    | Killed a Killer Klown
 88161 | Zot:1    | Killed a Killer Klown
 88576 | Zot:1    | Reached skill level 24 in Dodging
 90024 | Zot:2    | Noticed Parghit
 90045 | Zot:2    | Killed Parghit
 90719 | Zot:3    | Reached skill level 10 in Transmutations
 90869 | Zot:3    | Noticed a Killer Klown
 90873 | Zot:3    | Killed a Killer Klown
 90889 | Zot:3    | Noticed an orb of fire
 90893 | Zot:3    | Killed an orb of fire
 92013 | Zot:3    | Reached XP level 27. HP: 184/226 MP: 6/36
 94108 | Zot:5    | Entered Level 5 of the Realm of Zot
 95304 | Zot:5    | Noticed an ancient lich
 95309 | Zot:5    | Killed an ancient lich
 95343 | Zot:5    | Noticed an ancient lich
 95372 | Zot:5    | Killed an ancient lich
 95875 | Elf:3    | Bought the ring of Letuamnu {rC+ EV+5 SInv} for 867 gold
                  | pieces
 96396 | Zot:5    | Noticed a dread lich
 96465 | Zot:5    | Paralysed by a dread lich for 3 turns
 96470 | Zot:5    | Killed a dread lich
 96604 | Zot:5    | Noticed an orb of fire
 96614 | Zot:5    | Gained mutation: You occasionally lose the ability to read
                  | scrolls when taking damage. [an orb of fire]
 96615 | Zot:5    | Killed an orb of fire
 96692 | Zot:5    | Lost mutation: You occasionally lose the ability to read
                  | scrolls when taking damage. [potion of mutation]
 96692 | Zot:5    | Gained mutation: You are dopey. (Int -2) [potion of
                  | mutation]
 96693 | Zot:5    | Lost mutation: You are dopey. (Int -2) [potion of mutation]
 96693 | Zot:5    | Gained mutation: You have a pair of small antennae on your
                  | head. [potion of mutation]
 96693 | Zot:5    | Gained mutation: You are dopey. (Int -2) [potion of
                  | mutation]
 96693 | Zot:5    | Gained mutation: Your spells are a little harder to cast,
                  | but a little more powerful. [potion of mutation]
 96693 | Zot:5    | Gained mutation: You are partially covered in iridescent
                  | scales. (AC +2) [potion of mutation]
 96694 | Zot:5    | Lost mutation: You have a pair of small antennae on your
                  | head. [potion of mutation]
 96694 | Zot:5    | Lost mutation: Your spells are a little harder to cast, but
                  | a little more powerful. [potion of mutation]
 96694 | Zot:5    | Gained mutation: You have hidden genetic potential. [potion
                  | of mutation]
 96694 | Zot:5    | Lost mutation: You are dopey. (Int -2) [potion of mutation]
 97135 | Crypt:1  | Entered Level 1 of the Crypt
 98886 | Crypt:1  | Reached skill level 10 in Stealth
 99971 | Zot:5    | Noticed a dread lich
 99981 | Zot:5    | Killed a dread lich
100321 | Zot:5    | Lost mutation: You have hidden genetic potential.
                  | [mutagenic glow]
100667 | Zot:5    | Noticed an ancient lich
100674 | Zot:5    | Noticed an orb of fire
100675 | Zot:5    | Noticed an orb of fire
100677 | Zot:5    | Noticed an orb of fire
100677 | Zot:5    | Noticed an ancient lich
100689 | Zot:5    | Noticed a dread lich
100757 | Zot:5    | Noticed a dread lich
100815 | Zot:5    | Got the Orb of Zot
100895 | Zot:4    | Noticed Velemehin the pandemonium lord
100912 | Zot:4    | Killed Velemehin the pandemonium lord
101062 | Depths:4 | Slain by an Ice Fiend

Illustrated notes

Levels and vault maps discovered:
D:1:      elethiomel_arrival_infinity_welcomes_careful_drivers,
          layout_loops_corners, serial_rivers, chequers_serial_rivers_small_3,
          chequers_serial_rivers_micro_d, chequers_serial_rivers_small_3,
          chequers_serial_rivers_room_b
D:2:      layout_loops_corners, uniq_sigmund
D:3:      layout_loops_ring, grunt_gozag_statues,
          mainiacjoe_overflow_surrounded_room, mainiacjoe_overflow_boulevard,
          elyvilon_altar_4, kennysheep_another_room,
          chequers_serial_rivers_micro_e
D:4:      layout_basic, minmay_ruptured
D:5:      layout_gridville, enter_ossuary_4
D:6:      layout_basic, mainiacjoe_overflow_small_starburst
D:7:      layout_basic, pf_just_have_faith, temple_doors_cd
D:8:      hellmonk_ruined_rings, layout_loops_ring,
          nicolae_overflow_crystal_walls, serial_shops, shop,
          guppyfry_shop_venom
D:9:      layout_basic, grunt_dithmenos_smoke_and_mirrors,
          mainiacjoe_overflow_24_doors
D:10:     layout_basic, lemuel_round_altar, orc_0_dummy,
          nicolae_transporter_circle
D:11:     layout_small_grid
D:12:     layout_irregular_city, fedhas_ov_isle_minmay
D:13:     layout_cave_pools, david_vaults_4, gauntlet_entry_generic,
          serial_shops, shop
D:14:     layout_cave_pools, palyth_stone_intersect, uniq_rupert
D:15:     grunt_enter_depths_hoard, layout_irregular_city, serial_shops,
          nicolae_shop_getting_attention, dk_noncrumbling_4, patterned_corridor
Lair:1:   layout_cave_shapes, nicolae_lair_lindhole, grunt_megastairs_3,
          uniq_grum
Lair:2:   layout_chaotic_city, dummy_snake_entry, infiniplex_staircase_pool_2,
          uniq_nergalle
Lair:3:   layout_cave_pods, minmay_shoals_entry_centaurs
Lair:4:   layout_long_grid, slime_entry_1, beast_lair_carwin_2,
          lemuel_fruit_tree
Lair:5:   due_jungle_book, layout_gridlike, portal_ice_cave_rime,
          cheibrodos_lair_lostbears
Shoals:1: layout_shoals, serial_shops, shop
Shoals:2: layout_shoals, nicolae_shoals_songs, uniq_polyphemus, uniq_ilsuiw
Shoals:3: layout_shoals
Shoals:4: shoals_end_hellmonk_storm_palace [storm_palace_center_ruins,
          storm_palace_corner_reverse_hut, storm_palace_corner_altar,
          storm_palace_corner_altar, storm_palace_corner_narrow], serial_shops
Snake:1:  cheibrodos_forgotten_conduit, layout_concentric_octagons,
          gammafunk_ghost_split, serial_shops, bzr_entry_safe
Snake:2:  layout_onion_interference, nicolae_shop_gadgets
Snake:3:  nicolae_snake_crotalidae_crossing, layout_misc_corridors, uniq_vashnia
Snake:4:  grunt_snake_rune_pools, layout_rooms, serial_shops,
          nicolae_shop_window_shopping, nicolae_snake_gridmaze_spiral,
          grunt_ministairs_13, uniq_aizul
Slime:1:  layout_caves
Orc:1:    layout_caves
Orc:2:    st_orc_town, layout_caves, nicolae_orc_crystal_geode
Elf:1:    minmay_elf_arrival_plus, layout_loops_corners, minmay_elf_necromancy,
          nicolae_shop_clearance, uniq_azrael, uniq_agnes, uniq_roxanne
Elf:2:    elven_hall_of_blades_hangedman_alternative
          [nooodl_blade_entry_preview], layout_gridlike, kb_rosetta
Elf:3:    minmay_elf_hall_quartered_circle, layout_loops_ring, minivault_23,
          minmay_shop_grove
Vaults:1: nicolae_vaults_yaktaur_gun_rack, ontoclasm_vaults_ring_large,
          vaults_room_stairs_pillars, nicolae_vaults_little_squares_3,
          nicolae_vaults_meeting, hangedman_vaults_river_flow, v_misc_18,
          vaults_dpeg_ring, nicolae_vaults_windows_and_doors_thing, v_rooms_5,
          v_pattern_1, ontoclasm_vaults_decontamination, layout_vaults_ring
Vaults:2: minmay_crypt_entry_skeletal_spiral, vaults_room_door_ring,
          vaults_room_pools, vaults_room_grunt_arrival_ludios,
          ontoclasm_vaults_loading_screen, nicolae_vaults_mini_display_case,
          layout_vaults_quadrants
Vaults:3: vaults_mumra_bighexcomb, vaults_mumra_hexcomb, v_misc_26, v_pattern_3,
          v_alt_pattern_2, v_alt_pattern_2, hangedman_vaults_hat, serial_ice_g,
          ontoclasm_vaults_tryst, ontoclasm_vaults_hangar,
          grunt_vaults_hallway_short, v_misc_16, layout_vaults_omnibox
Vaults:4: grunt_vaults_focal, vaults_room_boxed, grunt_tower_of_power,
          hangedman_vaults_maws, grunt_vaults_diagonal,
          nicolae_vaults_little_squares_5, v_alt_pattern_2, vaults_dpeg_hooks,
          serial_ice_h, nicolae_vaults_little_squares_5,
          layout_vaults_omnicross, serial_shops, shop, uniq_mennas, uniq_zenata
Vaults:5
Crypt:1:  layout_gridlike, nicolae_crypt_soggy_tomb, grunt_megastairs_1,
          grunt_crypt_arrival_split
Depths:1: layout_cave_pools, ziggurat_fallback, grunt_hell_entry_dis_old,
          minmay_holes, minivault_16, tgw_lugonu_bribe, serial_bayou_shore_b
Depths:2: grunt_bent_corner, layout_gridlike, lightli_enter_wizlab_magi_temple,
          nicolae_abyss_entry_one_way_or_another, rand_demon_pan_entry_4,
          serial_shops, nicolae_shop_just_a_little_nook,
          nicolae_shop_just_a_little_nook, nicolae_shop_bloodbath_and_beyond,
          hangedman_coc_ice_floe, minmay_misc_feat_four_crosses,
          uniq_bai_suzhen, uniq_asterion
Depths:3: nicolae_whirlpool, layout_gridlike, grunt_mini_vestibule,
          serial_shops, nicolae_inconvenience_store, abyss_entry, serial_curves,
          eino_curves_01, eino_curves_03
Depths:4: grunt_zot_entry_hairpin, layout_cave_pools, grunt_pan_entry_spiral,
          serial_sigils_hangedman_etch, hell_entry
Zot:1:    layout_gridlike, drop_trap, zot_minivault_6, uniq_grunn,
          uniq_josephina
Zot:2:    layout_misc_corridors, uniq_parghit
Zot:3:    layout_concentric_octagons, hangedman_player_shredder
Zot:4:    lemuel_halls_of_wrath, layout_misc_corridors
Zot:5:    layout_basic, st_stairs_2

Skill      XL: |  1  2  3  4  5  6  7  8  9 10 11 12 13 14 15 16 17 18 19 20 21 22 23 24 25 26 27 |
---------------+----------------------------------------------------------------------------------+-----
Long Blades    | 4 8 10 12 13 14 | 14.5
Short Blades   | 1 2 3 4 7 8 9 11 | 11.2
Hexes          | 1 2 3 4 5 8 |  8.0
Ice Magic      | 1 2 3 4 5 6 9 14 | 14.0
Armour         | 1 2 4 5 8 10 11 12 13 | 13.2
Stealth        | 1 3 4 6 8 11 | 11.0
Spellcasting   | 1 3 4 5 7 8 9 |  9.7
Evocations     | 2 4 6 9 11 12 13 15 16 17 19 | 19.0
Shields        | 4 5 6 8 13 14 16 19 21 22 23 | 23.0
Throwing       | 4 5 |  5.0
Fighting       | 5 9 11 13 15 16 17 18 20 22 | 22.6
Dodging        | 5 8 9 12 14 15 17 18 21 22 24 | 24.3
Translocations | 2 5 7 8 10 11 12 13 14 | 14.0
Transmutations | 3 4 5 7 8 10 | 10.0
Earth Magic    | 3 |  3.0
Air Magic      | 3 5 |  5.0
Summonings     | 6 7 |  7.0
Conjurations   | 1 |  1.6
Necromancy     | 6 11 13 | 13.0

Action                     |  1- 3 |  4- 6 |  7- 9 | 10-12 | 13-15 | 16-18 | 19-21 | 22-24 | 25-27 || total
---------------------------+-------+-------+-------+-------+-------+-------+-------+-------+-------++-------
  Melee: Falchion          |    66 |       |       |       |       |       |       |       |       ||    66
         Short sword       |    39 |   199 |   381 |   368 |       |       |       |       |       ||   987
         Dagger            |     7 |       |       |    57 |   199 |    30 |       |       |       ||   293
         Long sword        |       |       |       |   431 |   484 |       |       |       |       ||   915
         Scimitar          |       |       |       |       |   448 |   122 |       |       |       ||   570
         Great sword       |       |       |       |       |     6 |       |       |       |       ||     6
         Rapier            |       |       |       |       |       |  1327 |  2218 |  2616 |    21 ||  6182
         Demon blade       |       |       |       |       |       |       |       |   260 |  1572 ||  1832
  Throw: Dart              |       |       |    12 |    13 |    21 |       |     1 |       |       ||    47
   Cast: Ensorcelled Hiber |       |     3 |    44 |   163 |   296 |    48 |       |       |       ||   554
         Passwall          |       |       |       |       |     3 |    10 |       |     8 |       ||    21
         Manifold Assault  |       |       |       |       |       |   449 |   551 |   517 |   368 ||  1885
         Wereblood         |       |       |       |       |       |     2 |    12 |    13 |    28 ||    55
         Ozocubu's Armour  |       |       |       |       |       |       |       |     3 |     1 ||     4
         Death Channel     |       |       |       |       |       |       |       |     1 |    23 ||    24
 Invoke: Potion Petition   |       |       |       |       |     1 |       |     2 |     3 |       ||     6
         Bribe Branch      |       |       |       |       |       |       |       |       |     3 ||     3
Ability: Hop               |     1 |     3 |     3 |    11 |     6 |     1 |     4 |     8 |     4 ||    41
  Evoke: Wand              |       |       |       |    15 |    11 |       |     2 |    10 |     3 ||    41
         Phantom mirror    |       |       |       |       |     1 |     1 |       |     4 |     1 ||     7
         Phial of floods   |       |       |       |       |     1 |       |       |     2 |       ||     3
         Box of beasts     |       |       |       |       |       |     1 |       |     3 |     1 ||     5
         Lightning rod     |       |       |       |       |       |       |       |     4 |       ||     4
         Tin of tremorston |       |       |       |       |       |       |       |       |     2 ||     2
    Use: Potion            |     1 |       |     2 |     2 |     2 |       |       |     2 |     7 ||    16
         Scroll            |       |     2 |     6 |    10 |    11 |     1 |     2 |    12 |    11 ||    55
   Stab: Distracted        |       |     1 |       |     1 |    13 |     8 |    14 |    25 |    48 ||   110
         Sleeping          |       |     2 |    21 |    50 |   100 |    27 |     4 |    24 |    15 ||   243
         Invisible         |       |       |       |       |     1 |       |       |     7 |     1 ||     9
 Armour: Robe              |    18 |       |       |       |   140 |    97 |    71 |   167 |    81 ||   574
         Swamp dragon scal |    20 |    88 |   137 |   343 |   159 |       |       |       |       ||   747
  Dodge: Dodged            |    71 |    85 |   181 |   428 |   770 |   799 |   709 |  1151 |   533 ||  4727
         Repelled          |       |       |       |       |     1 |    15 |    17 |    12 |    10 ||    55
  Block: Buckler           |       |       |       |   156 |   371 |   208 |       |       |       ||   735
         Kite shield       |       |       |       |       |       |   276 |   865 |  1308 |    51 ||  2500
         Reflection        |       |       |       |       |       |    43 |    95 |     7 |       ||   145
         Tower shield      |       |       |       |       |       |       |       |       |   800 ||   800

Table legend: (Time is in decaauts)
 A = Elapsed time spent in this place.
 B = Non-inter-level travel time spent in this place.
 C = Inter-level travel time spent in this place.
 D = Time resting spent in this place.
 E = Time spent auto-exploring this place.
 F = Levels seen in this place.
 G = Mean time per level.
                   A        B        C        D        E       F      G
               +--------+--------+--------+--------+--------+-----+--------+
         Total | 106863 |  95311 |  11552 |  18354 |  58183 |  55 | 1943.0 |
       Dungeon |  21836 |  18617 |   3219 |   2641 |  12075 |  15 | 1455.7 |
          Lair |  12937 |  11013 |   1924 |   3304 |   5062 |   5 | 2587.4 |
        Shoals |  11596 |  11098 |    498 |   2586 |   7203 |   4 | 2899.0 |
     Snake Pit |  10178 |   9564 |    614 |   2500 |   5440 |   4 | 2544.5 |
    Slime Pits |      1 |      1 |      0 |      0 |      0 |   1 |    1.0 |
  Orcish Mines |   5064 |   4525 |    539 |   2058 |   1167 |   2 | 2532.0 |
   Elven Halls |   7771 |   6895 |    876 |   1645 |   4247 |   3 | 2590.3 |
        Vaults |  13256 |  12030 |   1226 |    848 |   9240 |   5 | 2651.2 |
         Crypt |   2200 |   2131 |     69 |     79 |   1874 |   1 | 2200.0 |
        Depths |   8913 |   7855 |   1058 |    836 |   5014 |   4 | 2228.2 |
           Zot |  10560 |   9035 |   1525 |   1592 |   5711 |   5 | 2112.0 |
         Abyss |    369 |    369 |      0 |     16 |      0 |   3 |  123.0 |
        Bazaar |    155 |    155 |      0 |      0 |     91 |   1 |  155.0 |
        Wizlab |   1438 |   1438 |      0 |    146 |    891 |   1 | 1438.0 |
      Gauntlet |    581 |    581 |      0 |    100 |    164 |   1 |  581.0 |
               +--------+--------+--------+--------+--------+-----+--------+

Top non-repeatable levels by time:
   Orc:2: 4071 daAuts
 Snake:4: 3583 daAuts
   Elf:3: 3560 daAuts
Shoals:4: 3498 daAuts
Vaults:1: 3458 daAuts
Shoals:2: 3245 daAuts
  Lair:4: 3237 daAuts
Depths:2: 3046 daAuts
  Lair:5: 2896 daAuts
 Snake:3: 2820 daAuts
Shoals:1: 2682 daAuts
 Snake:1: 2601 daAuts
  Lair:2: 2539 daAuts
Vaults:5: 2529 daAuts
Vaults:4: 2526 daAuts
